 Dungeon Crawl Stone Soup version 0.18.1-48-g4cf74bf (webtiles) character file.

557 HEYYEYAAE the Magician (level 7, 56/56 HPs)
             Began as a Red Draconian Ice Elementalist on Aug 25, 2016.
             Got out of the dungeon alive.
             The game lasted 00:09:06 (4376 turns).

HEYYEYAAE the Magician (DrIE)                       Turns: 4376, Time: 00:09:07

Health: 56/56      AC:  6    Str: 10    XL:     7   Next: 9%
Magic:  13/13      EV: 12    Int: 18    God:
Gold:   239        SH:  0    Dex: 11    Spells: 3 memorised, 7 levels left

rFire  + . .     SeeInvis .     y - +5 whip of Tortfeasance {holy, Stlth+}
rCold  . . .     Gourm    .     (armour unavailable)
rNeg   . . .     Faith    .     (no shield)
rPois  +         Spirit   .     (helmet restricted)
rElec  .         Dismiss  .     (no cloak)
rCorr  +         Reflect  .     (no gloves)
SustAt .         Harm     .     (no boots)
MR     .....                    (no amulet)
Stlth  +++.......               c - ring of resist corrosion
                                o - ring of poison resistance

@: not resistant to hostile enchantments, fairly stealthy
A: breathe fire, unfitting armour, fire resistance 1, cold-blooded, AC +6
a: Breathe Fire


You escaped.
You were hungry.

You visited 1 branch of the dungeon, and saw 5 of its levels.

You collected 239 gold pieces.

Inventory:

Hand Weapons
 d - a +0 dagger
 y - the +5 whip of Tortfeasance (weapon) {holy, Stlth+}
   (You found it on level 5 of the Dungeon)

   It has been blessed by the Shining One to cause great damage to the undead
   and demons.
   It makes you more stealthy.
Armour
 p - the cursed +1 robe "Abeha" {Dex+9, unknown}
   (You found it on level 5 of the Dungeon)

   It affects your dexterity (+9).
   It has a curse placed upon it.
Jewellery
 c - a ring of resist corrosion (right hand)
 i - an uncursed ring of protection from fire
 m - an uncursed ring of stealth
 o - a ring of poison resistance (left hand)
Wands
 j - a wand of disintegration (8/24)
Scrolls
 e - a scroll of teleportation
 g - a scroll of noise
 h - a scroll of enchant armour {unknown}
 k - a scroll of amnesia {unknown}
 l - 3 scrolls of remove curse
 n - a scroll of blinking {unknown}
 t - a scroll of fear {unknown}
 w - 3 scrolls of magic mapping {unknown}
 z - a scroll of identify
Potions
 q - 2 potions of curing
 r - a potion of haste
 s - 4 potions of heal wounds {unknown}
 u - a potion of berserk rage {unknown}
Books
 a - a book of Frost

   Spells                             Type                      Level
   a - Freeze                         Ice                          1
   b - Throw Frost                    Conjuration/Ice              2
   c - Ozocubu's Armour               Charms/Ice                   3
   d - Throw Icicle                   Conjuration/Ice              4
   e - Summon Ice Beast               Ice/Summoning                4
 x - a book of Battle

   Spells                             Type                      Level
   a - Infusion                       Charms                       1
   b - Shroud of Golubria             Charms/Translocation         2
   c - Song of Slaying                Charms                       2
   d - Spectral Weapon                Hexes/Charms                 3
   e - Regeneration                   Charms/Necromancy            3
Comestibles
 b - 5 bread rations
 f - 3 fruits
 v - a beef jerky


   Skills:
 + Level 2.4 Fighting
 + Level 3.0 Dodging
 + Level 3.1 Stealth
 * Level 4.0 Spellcasting
 - Level 1.0 Conjurations
 * Level 4.0 Ice Magic
 + Level 1.9 Evocations


You had 7 spell levels left.
You knew the following spells:

 Your Spells              Type           Power        Failure   Level  Hunger
a - Freeze                Ice            ###.         2%          1    None
b - Throw Frost           Conj/Ice       ##....       10%         2    ##.....
c - Throw Icicle          Conj/Ice       ##......     54%         4    ####...


Dungeon Overview and Level Annotations

Branches:
Dungeon (5/15)
 Temple: D:4-7

Altars:
Fedhas


Innate Abilities, Weirdness & Mutations

You can breathe blasts of fire.
Your fiery red scales are hard (AC +6).
Your body does not fit into most forms of armour.
Your flesh is heat resistant.
You are cold-blooded and may be slowed by cold attacks.


Message History

Things that are here:
a silver tomahawk; a leather armour You see here a silver tomahawk.
You see here a silver tomahawk.
You see here an orc corpse.
There is a stone staircase leading up here.
You climb upwards.
There is a stone staircase leading down here.
HP restored.
There is a stone staircase leading up here.
You climb upwards.
There is a stone staircase leading down here.
There is a stone staircase leading up here.
You climb upwards.
There is a stone staircase leading down here.
There is an escape hatch in the ceiling here.
A mysterious force pulls you upwards. The hatch slams shut behind you.
There is a staircase leading out of the dungeon here.
Are you sure you want to leave the Dungeon?
This will make you lose the game!
You have escaped!

#.......#
#.####### #.# #.#
### #.# #.K
########.# #.#
#.....##.# #.#
#.....#..#######K#
#@...............#
#.....############
#.....# #######


There were no monsters in sight!

Vanquished Creatures
  An ogre (D:4)
  A phantom (D:4)
  A scorpion (D:4)
  A howler monkey (D:4)
  A crimson imp (D:5)
  2 hounds
  An iguana (D:4)
  A centaur skeleton (D:5)
  3 gnolls (D:4)
  3 adders
  2 worms
  2 giant geckos
  6 orcs
  2 ball pythons
  4 giant cockroaches
  9 goblins
  4 hobgoblins
  10 jackals
  3 quokkas
  14 bats
  5 giant newts
  5 kobolds
  7 rats
88 creatures vanquished.

Notes
Turn   | Place    | Note
--------------------------------------------------------------
     0 | D:1      | HEYYEYAAE the Draconian Ice Elementalist began the quest for the Orb.
     0 | D:1      | Reached XP level 1. HP: 14/14 MP: 3/3
   450 | D:1      | Reached XP level 2. HP: 13/22 MP: 0/5
   593 | D:1      | Learned a level 2 spell: Throw Frost
   820 | D:1      | Reached skill level 1 in Fighting
  1208 | D:2      | Reached XP level 3. HP: 16/28 MP: 0/6
  2085 | D:3      | Reached XP level 4. HP: 33/35 MP: 4/8
  2187 | D:3      | Found a blossoming altar of Fedhas.
  2800 | D:4      | Reached skill level 1 in Evocations
  2800 | D:4      | Reached XP level 5. HP: 41/41 MP: 9/9
  3016 | D:4      | Noticed an ogre
  3365 | D:4      | Noticed a phantom
  3375 | D:4      | Learned a level 4 spell: Throw Icicle
  3388 | D:4      | Killed a phantom
  3388 | D:4      | Reached XP level 6. HP: 48/48 MP: 7/11
  3915 | D:5      | Entered Level 5 of the Dungeon
  3918 | D:5      | Got a fine robe
  4062 | D:5      | Your scales start taking on a fiery red colour.
  4062 | D:5      | Reached XP level 7. HP: 46/56 MP: 0/12
  4062 | D:5      | Gained mutation: Your flesh is heat resistant. [Red Draconian growth]
  4161 | D:5      | Got a pitted whip
  4176 | D:5      | Identified the +5 whip of Tortfeasance {holy, Stlth+} (You found it on level 5 of the Dungeon)
  4376 | D:$      | Got out of the dungeon alive.

Skill      XL: |  1  2  3  4  5  6  7 |
---------------+----------------------+-----
Dodging        | 2 3 |  3.0
Fighting       | 1 2 |  2.4
Stealth        | 2 3 |  3.1
Spellcasting   | 3 4 |  4.0
Evocations     | 1 |  1.9
Ice Magic      | 4 |  4.0
Conjurations   | |  1.0

Action                   |  1- 3 |  4- 6 |  7- 9 || total
-------------------------+-------+-------+-------++-------
Melee: Unarmed           |    31 |       |       ||    31
       Tailslap          |     5 |     2 |     1 ||     8
       Dagger            |    96 |    33 |     4 ||   133
       Whip              |       |       |     5 ||     5
 Cast: Freeze            |    55 |    69 |     7 ||   131
       Throw Frost       |       |     5 |       ||     5
Evoke: Wand              |       |     6 |       ||     6
  Use: Scroll            |     4 |     5 |       ||     9
 Stab: Sleeping          |     1 |     4 |       ||     5
  Eat: Chunk             |     4 |     7 |       ||    11
Armor: Skin              |    81 |    20 |     4 ||   105
Dodge: Dodged            |   170 |    65 |     5 ||   240
